AoeStats
← Marbas

Arena

508092991Analyzed
1v1 RM · 11d ago on Sep 20, 2026· 24m 4s· 2 players
Game mode
Random Map
Map size
Tiny (2 player)
Population
200
Speed
Normal
Resources
Standard
Victory
Conquest
Starting age
Dark Age
Ending age
Imperial Age
RankedLock teamsTeams togetherTeam positionsShared explorationLock speedFull tech treeHidden civsTurbo modeCheats
Victory
Defeat
🇦🇷 Magyars · Argentina
1891
+13
🇷🇺 Turks · Russia
1814
-13
Marbas
11:09 Feudal Age
11:23 Feudal Age
12:04 Double-Bit Axe
15:24 Castle Age
13:50 Horse Collar
22:59 Imperial Age
20:41 Gold Mining
21:41 Bow Saw
23:31 Loom
Joseguizada4654
9:49 Feudal Age
9:01 Loom
13:40 Castle Age
12:22 Double-Bit Axe
22:45 Scale Barding Armor
Connection lost

Rejoining the realm…

Still unreachable

The connection could not be restored.

Session expired

The server has moved on; the page needs a fresh start.